 Dungeon Crawl Stone Soup version 0.31.0-9-g3a7656b989 (console) character file.

Game seed: 10505654117700946648

134 mulx the Chopper (level 4, -11/40 HPs)
             Began as a Minotaur Fighter on Feb 1, 2024.
             Killed by divine providence
             ... invoked by an orc priest
              (13 damage)
             ... on level 3 of the Dungeon.
             The game lasted 00:05:56 (2224 turns).

mulx the Chopper (Minotaur Fighter)                 Turns: 2224, Time: 00:05:57

Health: -11/40     AC:  7    Str: 23    XL:     4   Next: 95%
Magic:  3/3        EV:  9    Int:  5    God:
Gold:   91         SH:  9    Dex:  9    Spells: 3/3 levels left

rFire   . . .        a - +0 war axe
rCold   . . .        c - +0 buckler
rNeg    . . .        b - +0 scale mail
rPois   .            (helmet restricted)
rElec   .            (no cloak)
rCorr   .            (no gloves)
SInv    .            (no boots)
Will    .....        m - amulet of reflection Stlth
                     (no ring)
HPRegen 0.26/turn    (no ring)
MPRegen 0.08/turn

%: reflection
@: no status effects
A: horns 2, retaliatory headbutt
a: no special abilities


You were on level 3 of the Dungeon.
You visited 1 branch of the dungeon, and saw 4 of its levels.

You collected 91 gold pieces.

Inventory:

Hand Weapons
 a - a +0 war axe (weapon)
Armour
 b - a +0 scale mail (worn)
 c - a +0 buckler (worn)
Jewellery
 m - an amulet of reflection (around neck)
Scrolls
 e - a scroll of identify
 f - 2 scrolls of teleportation
 i - a scroll of enchant armour {unknown}
 k - a scroll of amnesia {unknown}
 l - a scroll of torment {unknown}
 p - a scroll of fear {unknown}
 q - a scroll of vulnerability {unknown}
 s - a scroll of brand weapon {unknown}
 t - a scroll of butterflies {unknown}
 u - a scroll of noise {unknown}
Potions
 d - 2 potions of might
 g - a potion of enlightenment {unknown}
 h - 2 potions of magic
 j - a potion of degeneration {unknown}
 n - a potion of curing {unknown}
 o - a potion of brilliance {unknown}
 r - a potion of haste {unknown}


   Skills:
 - Level 4.0 Fighting
 * Level 5.6 Axes
 - Level 4.0 Armour
 - Level 4.0 Shields


You had 3 spell levels left.
You didn't know any spells.
Your spell library contained the following spells:

 Spells                   Type           Power      Damage    Failure   Level
 Shock                    Conj/Air       0%         1d3       85%         1
 Swiftness                Air            0%         N/A       99%         3
 Airstrike                Air            0%         2d(0-16)  100%        4


Dungeon Overview and Level Annotations

Branches:
Dungeon (4/15)
 Temple: D:4-7

Altars:
Fedhas
Qazlal


Innate Abilities, Weirdness & Mutations

You have a pair of horns on your head.
You reflexively headbutt those who attack you in melee.


Message History

A quokka comes into view.
Things that are here:
a +0 hand axe; a frilled lizard corpse You block the quokka's attack.
You closely miss the quokka. Your headbutt misses the quokka.
The quokka twitches its whiskers.
The quokka closely misses you.
You closely miss the quokka. You block the quokka's attack.
You closely miss the quokka. Your headbutt misses the quokka.
The quokka bites you but does no damage.
You block the quokka's attack.
You closely miss the quokka. You block the quokka's attack.
An orc priest comes into view.
It is wielding a +1 flail of protection.
You slash the quokka!
You kill the quokka!
The orc priest calls down the wrath of Beogh upon you.
Beogh smites you!
* * * LOW HITPOINT WARNING * * *
You see here a quokka corpse.
Found a blossoming altar of Fedhas.
The orc priest closely misses you.
You completely miss the orc priest.
You headbutt the orc priest, but do no damage.
The orc priest mumbles some strange prayers to Beogh against you.
Beogh smites you!
* * * LOW HITPOINT WARNING * * *
Unknown command.
Okay, then.
Okay, then.
You barely miss the orc priest.
A bat comes into view.
You block the orc priest's attack.
You barely miss the orc priest. You block the orc priest's attack. x2
You hit the orc priest.
You headbutt the orc priest, but do no damage.
The orc priest is moderately wounded.
The bat closely misses you. You furiously retaliate!
You headbutt the bat!
You kill the bat!
The orc priest invokes the aid of Beogh against you.
Beogh smites you!
You die...

#....# #.#.# #.....
#.[.######
#.....###.........
#.........####....
#....#.†.!## ...
#......#)..###.# #
#####..))#.....# .
#>##...#.†.###.# ...
#......).).# #....
#........#)###....._
#........#.†@†.#
#........####o.#
#.†...).## ..#
#.##..>## #.#
######## .. #.. ..#
..#


You could see an orc priest.

Vanquished Creatures
  An orc priest (D:3)
  2 gnolls
  2 adders (D:2)
  2 dart slugs
  2 ribbon worms (D:2)
  7 orcs (D:3)
  7 ball pythons
  3 endoplasms
  2 giant cockroaches (D:2)
  2 goblins
  6 hobgoblins
  3 jackals (D:1)
  3 kobolds
  3 quokkas
  4 bats
  A frilled lizard (D:3)
  3 rats
53 creatures vanquished.

Notes
Turn   | Place    | Note
-------+----------+-------------------------------------------
     0 | D:1      | mulx the Minotaur Fighter began the quest for the Orb.
     0 | D:1      | Reached XP level 1. HP: 19/19 MP: 0/0
   179 | D:1      | Reached XP level 2. HP: 22/27 MP: 1/1
   266 | D:1      | Reached skill level 3 in Axes
   328 | D:1      | Reached XP level 3. HP: 33/33 MP: 2/2
  1217 | D:2      | Reached skill level 4 in Axes
  1225 | D:2      | Found a stormy altar of Qazlal.
  1444 | D:2      | Found a faded altar of an unknown god.
  2057 | D:2      | Reached XP level 4. HP: 40/40 MP: 3/3
  2124 | D:4      | Noticed a phantom
  2124 | D:4      | Noticed a scorpion
  2199 | D:3      | Reached skill level 5 in Axes
  2220 | D:3      | Found a blossoming altar of Fedhas.
  2221 | D:3      | HP: 1/40 [orc priest/divine providence (12)]
  2224 | D:3      | Killed from afar by an orc priest

Illustrated notes

Levels and vault maps discovered:
D:1:      wander_arrival_fairy_ring, layout_basic, minmay_heptomino_h4
D:2:      minmay_alternating_diamond, layout_basic, basic_altar,
          shapermc_ecumenical_altar_ellora
D:3:      layout_rooms, zin_academy, old_standard_altar, roderic_serpentine_path
D:4:      layout_rooms, general_overflow_altar,
          mainiacjoe_overflow_catch_the_wave, minmay_temple_entry_wispy

Skill      XL: |  1  2  3  4 |
---------------+-------------+-----
Fighting       | 4 |  4.0
Armour         | 4 |  4.0
Shields        | 4 |  4.0
Axes           | 3 4 5 |  5.6

Action                     |  1- 3 |  4- 6 || total
---------------------------+-------+-------++-------
  Melee: War axe           |    72 |    32 ||   104
         Headbutt          |    11 |     4 ||    15
    Use: Scroll            |       |     2 ||     2
 Armour: Scale mail        |    36 |    20 ||    56
  Dodge: Dodged            |    21 |    12 ||    33
  Block: Buckler           |    21 |    21 ||    42
